 Dungeon Crawl Stone Soup version 0.31.0-11-ge490571c62 (webtiles) character file.

Game seed: 16506240809722102537

325 Arctor the Magician (level 6, 0/32 HPs)
             Began as a Deep Elf Fire Elementalist on Feb 2, 2024.
             Slain by Eustachio
             ... wielding a +0 rapier
              (8 damage)
             ... on level 3 of the Dungeon.
             The game lasted 00:03:19 (3692 turns).

Arctor the Magician (Deep Elf Fire Elementalist)    Turns: 3692, Time: 00:03:20

Health: 0/32       AC:  2    Str:  5    XL:     6   Next: 24%
Magic:  3/14       EV: 13    Int: 22    God:
Gold:   182        SH:  0    Dex: 15    Spells: 11/14 levels left

rFire   . . .        n - +0 arbalest
rCold   . . .        (shield currently unavailable)
rNeg    . . .        a - +0 robe
rPois   .            (no helmet)
rElec   .            (no cloak)
rCorr   .            (no gloves)
SInv    .            (no boots)
Will    +....        (no amulet)
Stlth   +++          g - ring of willpower
HPRegen 0.25/turn    (no ring)
MPRegen 0.14/turn

%: no passive effects
@: very slightly contaminated
A: no striking features
a: no special abilities


You were on level 3 of the Dungeon.
You visited 2 branches of the dungeon, and saw 5 of its levels.

You collected 182 gold pieces.

Inventory:

Hand Weapons
 h - a +1 dagger of holy wrath
 n - a +0 arbalest (weapon)
Armour
 a - a +0 robe (worn)
Jewellery
 g - a ring of willpower (left hand)
Wands
 m - a wand of iceblast (11)
 o - a wand of paralysis (9)
Scrolls
 c - 3 scrolls of identify {unknown}
 e - 3 scrolls of teleportation {unknown}
 f - a scroll of brand weapon {unknown}
 j - a scroll of enchant armour {unknown}
 k - a scroll of poison {unknown}
 l - a scroll of revelation {unknown}
 r - a scroll of enchant weapon {unknown}
Potions
 b - 3 potions of magic
 d - a potion of mutation {unknown}
 i - a potion of invisibility {unknown}
 p - a potion of haste {unknown}
 q - 3 potions of curing {unknown}


   Skills:
 + Level 1.8 Ranged Weapons
 + Level 4.0 Dodging
 + Level 4.3 Stealth
 + Level 4.6 Spellcasting
 + Level 3.0 Conjurations
 + Level 4.4 Fire Magic


You had 11 spell levels left.
You knew the following spells:

 Your Spells              Type           Power      Damage    Failure   Level
a - Foxfire               Conj/Fire      84%        2x1d8     2%          1
b - Scorch                Fire           48%        2d7       2%          2

Your spell library contained the following spells:

 Spells                   Type           Power      Damage    Failure   Level
 Inner Flame              Hex/Fire       14%        N/A       13%         3
 Volatile Blastmotes      Fire/Tloc      28%        2d12      13%         3
 Lesser Beckoning         Tloc           10%        N/A       16%         2
 Flame Wave               Conj/Fire      21%        2d8       22%         4
 Gell's Gravitas          Tloc           5%         N/A       32%         3
 Teleport Other           Tloc           5%         N/A       32%         3


Dungeon Overview and Level Annotations

Branches:
Dungeon (4/15)             Temple (1/1) D:4

Altars:
Cheibriados
Dithmenos
Elyvilon
Gozag
Kikubaaqudgha
Makhleb
Nemelex Xobeh
Okawaru
Qazlal
Trog
Xom
Zin

Shops:
D:1 *

Annotations:
D:3 Eustachio


Message History

Casting: Scorch (safe; 2% risk of failure)
Confirm with . or Enter, or press ? or * to list all spells.
You miscast Scorch.
You are very lightly contaminated with residual magic.
Nothing appears to happen.
Eustachio hits you with a +0 rapier!
Unknown command.
Casting: Scorch (safe; 2% risk of failure)
Confirm with . or Enter, or press ? or * to list all spells.
Flames lash Eustachio.
Eustachio is burned terribly!
Eustachio is heavily wounded.
Eustachio casts a spell.
Unknown command.
Casting: Scorch (safe; 2% risk of failure)
Confirm with . or Enter, or press ? or * to list all spells.
Flames lash the quasit.
The quasit resists.
The quasit is lightly wounded.
The quasit's fire resistance burns away.
Eustachio misses you. The quasit bites you. The quasit closely misses you.
The quasit misses you.
The shadow imp hits you but does no damage.
Casting: Scorch (safe; 2% risk of failure)
Confirm with . or Enter, or press ? or * to list all spells.
Flames lash the quasit.
The quasit is heavily wounded.
The quasit closely misses you. x2
The quasit claws you but does no damage.
Eustachio barely misses you. The shadow imp hits you.
* * * LOW HITPOINT WARNING * * *
The white imp barely misses you.
Casting: Scorch (safe; 2% risk of failure)
Confirm with . or Enter, or press ? or * to list all spells.
Flames lash the white imp.
The white imp is burned terribly!
You kill the white imp!
The white imp disappears in a puff of smoke!
The quasit closely misses you. The quasit barely misses you.
The quasit claws you.
* * * LOW HITPOINT WARNING * * *
Eustachio hits you with a +0 rapier!
You die...
Eustachio twirls his moustache.

........................#........
...############........#####^####
#.## #.#....<.......# # #.####
#.##...#.####### #
#....##########.###.##.# #
....................##.# #
#.##.###########.#####.# #
>.......########.5.....# #####
.....##.##......@#####.### #....
#.##.##.##.####@5ยง.......# #.###
#..#.##.##.# #...####.#.####.###
#.#..##.##.# #...## #.........##
.###.......####....###.....##..##
#.#............................##
##.#.##.########.#####.#.#.###.##
........# #.......#.........
####.##.# #.#####.###.###..<


You could see Eustachio (combustible), a quasit (summoned, combustible) and a
shadow imp (summoned).

Vanquished Creatures
  Grinder (D:4)
  A bombardier beetle (D:4)
  Ijyb (D:3)
  2 adders
  2 ribbon worms
  2 dart slugs
  3 endoplasms
  6 giant cockroaches
  6 goblins
  7 hobgoblins
  2 quokkas
  6 ball pythons
  3 bats
  4 frilled lizards
  4 kobolds
  6 rats
56 creatures vanquished.

Vanquished Creatures (others)
  326 foxfires
326 creatures vanquished.

Grand Total: 382 creatures vanquished

Notes
Turn   | Place    | Note
-------+----------+-------------------------------------------
     0 | D:1      | Arctor the Deep Elf Fire Elementalist began the quest for
                  | the Orb.
     0 | D:1      | Reached XP level 1. HP: 10/10 MP: 6/6
   260 | D:1      | Reached XP level 2. HP: 3/15 MP: 4/8
   775 | D:1      | Reached XP level 3. HP: 19/19 MP: 3/9
   870 | D:1      | Found Gaytz's Assorted Antiques.
  1840 | D:2      | Found a faded altar of an unknown god.
  2377 | D:3      | Found a white marble altar of Elyvilon.
  2457 | D:3      | Reached XP level 4. HP: 24/24 MP: 6/11
  2513 | D:3      | Learned a level 2 spell: Scorch
  2891 | D:3      | Noticed Ijyb
  2911 | D:3      | Killed Ijyb
  3336 | D:4      | Found a staircase to the Ecumenical Temple.
  3407 | D:4      | Reached XP level 5. HP: 28/28 MP: 11/13
  3444 | D:4      | Noticed Grinder
  3450 | D:4      | Killed Grinder
  3451 | D:4      | Reached skill level 1 in Ranged Weapons
  3451 | D:4      | Reached XP level 6. HP: 32/32 MP: 5/14
  3476 | Temple   | Entered the Ecumenical Temple
  3564 | D:4      | Noticed Eustachio
  3692 | D:3      | Slain by Eustachio

Illustrated notes

Levels and vault maps discovered:
D:1:      giann_wishing_wells, layout_rooms, serial_shops,
          nicolae_shop_overgrown_old_shop
D:2:      layout_rooms, basic_ecumenical_altar
D:3:      layout_loops_ring, mainiacjoe_overflow_tiny_flanked, uniq_ijyb
D:4:      layout_gridville, temple_doors_e, minmay_divided_ellipse,
          uniq_grinder, uniq_eustachio
Temple:   hellmonk_temple_of_storms

Skill      XL: |  1  2  3  4  5 |
---------------+----------------+-----
Stealth        | 3 4 |  4.3
Dodging        | 3 4 |  4.0
Conjurations   | 2 3 |  3.0
Spellcasting   | 4 |  4.6
Fire Magic     | 4 |  4.4
Ranged Weapons | 1 |  1.8

Action                     |  1- 3 |  4- 6 || total
---------------------------+-------+-------++-------
  Melee: Unarmed           |     4 |     8 ||    12
   Fire: Arbalest          |       |    11 ||    11
   Cast: Foxfire           |   169 |    32 ||   201
         Scorch            |       |    14 ||    14
 Armour: Robe              |    19 |    25 ||    44
  Dodge: Dodged            |    16 |    25 ||    41
